 Dungeon Crawl Stone Soup version 0.22.1-2-g9c5b331383 (webtiles) character file.

6094 McIrco the Blocker (level 11, -2/81 HPs)
             Began as a Formicid Fighter on Jan 5, 2019.
             Was a High Priest of Okawaru.
             Slain by a two-headed ogre
             ... wielding a +0 giant club
              (14 damage)
             ... on level 9 of the Dungeon.
             The game lasted 00:29:04 (9233 turns).

McIrco the Blocker (Formicid Fighter)               Turns: 9233, Time: 00:29:04

Health: -2/81      AC: 17    Str: 24    XL:     11   Next: 12%
Magic:  8/11       EV:  7    Int:  6    God:    Okawaru [*****.]
Gold:   241        SH: 13    Dex: 10    Spells: 10/10 levels left

rFire    + . .     SeeInvis +   t - +4 falchion (slice)
rCold    . . .     Gourm    .   c - +0 shield
rNeg     . . .     Faith    .   w - +0 plate armour
rPois    +         Spirit   .   (helmet unavailable)
rElec    .         Reflect  .   (no cloak)
rCorr    .         Harm     .   e - +0 pair of gloves
MR       ++...                  F - +0 pair of boots
Stlth    ..........             (no amulet)
HPRegen  0.23/turn              p - ring of protection from fire
MPRegen  0.12/turn              n - ring of poison resistance

@: no status effects
A: permanent stasis, dig shafts and tunnels, four strong arms, antennae 3, dopey
1, magic resistance 1, MP-powered wands
a: Dig, Shaft Self, Heroism, Finesse, Renounce Religion


You were on level 9 of the Dungeon.
You worshipped Okawaru.
Okawaru was extremely pleased with you.
You were very hungry.

You visited 2 branches of the dungeon, and saw 11 of its levels.
You also visited: Sewer.

You collected 361 gold pieces.
You spent 120 gold pieces at shops.

Inventory:

Hand Weapons
 t - a +4 falchion of slicing (weapon)
Armour
 c - a +0 shield (worn)
 e - a +0 pair of gloves (worn)
 w - a +0 plate armour (worn)
 F - a +0 pair of boots (worn)
Jewellery
 n - a ring of poison resistance (right hand)
 p - a ring of protection from fire (left hand)
Wands
 v - a wand of disintegration (7)
 B - a wand of flame (7)
 C - a wand of polymorph (20)
Scrolls
 b - a scroll of magic mapping {unknown}
 g - 2 scrolls of silence {unknown}
 o - 3 scrolls of identify
 q - 6 scrolls of remove curse
 y - a scroll of fear {unknown}
Potions
 d - a potion of might
 h - a potion of lignification {unknown}
 i - a potion of agility {unknown}
 k - 2 potions of brilliance
 l - 2 potions of mutation
 s - 2 potions of haste
 u - 2 potions of resistance {unknown}
 x - 2 potions of ambrosia {unknown}
 z - 2 potions of curing
 A - 2 potions of invisibility {unknown}
 D - 3 potions of magic
 E - 2 potions of flight {unknown}
Comestibles
 f - 11 rations


   Skills:
 + Level 5.7 Fighting
 + Level 7.7 Long Blades
 + Level 9.8 Armour
 + Level 12.8 Shields


You had 10 spell levels left.
You didn't know any spells.
Your spell library contained the following spells:

 Spells                   Type           Power        Failure   Level  Hunger
 Confusing Touch          Hex            #.....       99%         1    ##.....
 Freeze                   Ice            #...         99%         1    ##.....
 Magic Dart               Conj           #...         99%         1    ##.....
 Call Imp                 Summ           #.......     100%        2    ###....
 Searing Ray              Conj           #.....       100%        2    ###....
 Slow                     Hex            #.......     100%        2    ###....
 Throw Frost              Conj/Ice       #.....       100%        2    ###....
 Confuse                  Hex            #.......     100%        3    ####...
 Conjure Flame            Conj/Fire      #.......     100%        3    ####...
 Dazzling Spray           Conj/Hex       #.....       100%        3    ####...
 Gell's Gravitas          Tloc           #.........   100%        3    ####...
 Mephitic Cloud           Conj/Pois/Air  #.......     100%        3    ####...
 Ozocubu's Armour         Chrm/Ice       #.......     100%        3    ####...
 Force Lance              Conj/Tloc      #.......     100%        4    #####..
 Fulminant Prism          Conj/Hex       #.........   100%        4    #####..
 Iskenderun's Mystic Bla  Conj           #.......     100%        4    #####..
 Petrify                  Tmut/Erth      #.......     100%        4    #####..
 Summon Ice Beast         Ice/Summ       #.......     100%        4    #####..
 Throw Icicle             Conj/Ice       #.......     100%        4    #####..
 Metabolic Englaciation   Hex/Ice        #.........   100%        5    ######.
 Yara's Violent Unravell  Hex/Tmut       #.........   100%        5    ######.
 Blink                    Tloc           Unusable     N/A         2    N/A

Dungeon Overview and Level Annotations

Branches:
Dungeon (10/15)            Temple (1/1) D:4
   Lair: D:8-11         Orc: D:9-12

Altars:
Ashenzari
Cheibriados
Dithmenos
Elyvilon
Fedhas
Gozag
Hepliaklqana
Kikubaaqudgha
Makhleb
Nemelex Xobeh
Okawaru
Qazlal
Ru
Trog
Uskayaw
Vehumet
Wu Jian
Xom
Zin
The Shining One

Shops:
D:4 }


Innate Abilities, Weirdness & Mutations

You cannot be hasted, slowed, berserked, paralysed or teleported.
You can dig through walls and to a lower floor.
Your four strong arms can wield two-handed weapons with a shield.
You have a pair of large antennae on your head. (SInv)
You are dopey. (Int -2)
You are resistant to hostile enchantments. (MR+)
You expend magic power (3 MP) to strengthen your wands.


Message History

You block the two-headed ogre's attack.
The two-headed ogre hits you with a giant spiked club.
* * * LOW HITPOINT WARNING * * *
Unknown command.
You hit the two-headed ogre.
The two-headed ogre is lightly wounded.
You hit the two-headed ogre.
The two-headed ogre is lightly wounded.
The two-headed ogre hits you with a giant club.
* * * LOW HITPOINT WARNING * * *
The two-headed ogre hits you with a giant spiked club!
* * * LOW HITPOINT WARNING * * *
The orc hits you but does no damage.
Evoke which item? (* to show all) (? for menu, Esc to quit)
Aiming: Disintegrate
Press: ? - help, Shift-Dir - straight line, f - two-headed ogre
Aim: a two-headed ogre, wielding a giant club and a giant spiked club (lightly The two-headed ogre is blasted.
You feel a surge of power!
The two-headed ogre hits you with a giant club!
You die...

# #{ { ##. {
#..##########
...#..... .....
#......##..##..#
#oO@....#
######...# ... #
{


You could see a two-headed ogre and an orc.

Vanquished Creatures
  An unseen horror (D:10)
  Pikel (D:7)
  An ugly thing (D:8)
  A kobold demonologist (D:8)
  Prince Ribbit (D:7)
  2 hippogriffs
  Grinder (D:4)
  A wyvern (D:8)
  A wraith (D:10)
  Purgy (Sewer)
  3 orc warriors (D:8)
  A phantom (D:7)
  3 sky beasts
  4 ice beasts
  2 ogres
  2 centaurs
  12 big kobolds (D:8)
  3 bullfrogs
  2 scorpions
  4 wights (D:8)
  A jelly (D:7)
  A howler monkey (D:10)
  A crimson imp (D:3)
  4 hounds
  3 orc priests
  A gnoll shaman (D:6)
  Ijyb (D:2)
  An iguana (D:10)
  2 orc wizards
  A worker ant (D:4)
  Robin (D:4)
  A worker ant zombie (D:5)
  3 gnolls (D:6)
  A howler monkey skeleton (D:6)
  6 adders
  A shadow imp (D:5)
  An ooze (D:4)
  4 leopard geckos
  30 orcs
  A ball python (D:6)
  6 giant cockroaches
  15 goblins
  9 hobgoblins
  10 jackals
  25 kobolds
  2 quokkas
  9 bats
  4 frilled lizards
  A quokka skeleton (D:6)
  5 rats
198 creatures vanquished.

Vanquished Creatures (others)
  A slave (D:7)
1 creature vanquished.

Grand Total: 199 creatures vanquished

Notes
Turn   | Place    | Note
-------+----------+-------------------------------------------
     0 | D:1      | McIrco the Formicid Fighter began the quest for the Orb.
     0 | D:1      | Reached XP level 1. HP: 18/18 MP: 1/1
    83 | D:1      | Reached XP level 2. HP: 22/24 MP: 2/2
   127 | D:1      | Reached skill level 4 in Shields
   412 | D:1      | Reached XP level 3. HP: 29/29 MP: 3/3
  1146 | D:2      | Reached XP level 4. HP: 34/35 MP: 4/4
  1227 | D:2      | Reached skill level 5 in Shields
  1464 | D:2      | Found an ornate altar of the Wu Jian Council.
  1670 | D:2      | Found a hide-covered altar of Uskayaw.
  1671 | D:2      | Found a shimmering altar of Xom.
  1798 | D:3      | Noticed Ijyb
  1809 | D:2      | Killed Ijyb
  1809 | D:2      | Reached XP level 5. HP: 36/41 MP: 5/5
  1904 | D:3      | Noticed Grinder
  1910 | D:4      | Found an opulent altar of Gozag.
  2105 | D:3      | Reached skill level 6 in Shields
  2412 | D:4      | Found Cesmejoh's Gadget Emporium.
  2562 | D:4      | Found a staircase to the Ecumenical Temple.
  2570 | Temple   | Entered the Ecumenical Temple
  2819 | D:4      | Bought a wand of disintegration (8) for 120 gold pieces
  2880 | D:4      | Found a shattered altar of Ashenzari.
  3204 | D:3      | Noticed Robin
  3342 | D:5      | Entered Level 5 of the Dungeon
  3465 | D:5      | Reached XP level 6. HP: 35/47 MP: 6/6
  3479 | D:5      | Found a glowing golden altar of the Shining One.
  3589 | D:5      | Found a glowing drain.
  3598 | Sewer    | Entered a sewer
  3655 | Sewer    | Noticed Purgy
  3670 | Sewer    | Killed Purgy
  3670 | Sewer    | Reached skill level 5 in Armour
  3670 | Sewer    | Reached skill level 7 in Shields
  4290 | D:5      | Noticed a sky beast
  4297 | D:5      | Killed a sky beast
  4297 | D:5      | Reached XP level 7. HP: 28/52 MP: 7/7
  4546 | D:4      | Killed Robin
  4727 | D:4      | Killed Grinder
  4727 | D:4      | Reached skill level 8 in Shields
  5233 | D:3      | Found a burning altar of Makhleb.
  5234 | D:3      | Found a radiant altar of Vehumet.
  5286 | D:3      | Found an iron altar of Okawaru.
  5290 | D:3      | Became a worshipper of Warmaster Okawaru
  5300 | D:3      | Found a sparkling altar of Nemelex Xobeh.
  5429 | D:6      | Reached XP level 8. HP: 55/58 MP: 8/8
  5598 | D:6      | Reached skill level 9 in Shields
  5961 | D:6      | Reached * piety under Okawaru
  6268 | D:7      | Reached skill level 10 in Shields
  6341 | D:7      | Reached XP level 9. HP: 33/64 MP: 9/9
  6620 | D:7      | Noticed Pikel
  6636 | D:7      | Killed Pikel
  6649 | D:7      | Noticed Prince Ribbit
  6679 | D:7      | Killed Prince Ribbit
  6679 | D:7      | Reached skill level 11 in Shields
  6894 | D:7      | Noticed a hippogriff
  6904 | D:7      | Killed a hippogriff
  6904 | D:7      | Reached ** piety under Okawaru
  7351 | D:7      | Found a sacrificial altar of Ru.
  7689 | D:8      | Noticed a kobold demonologist
  7692 | D:8      | Noticed a soul eater
  7697 | D:8      | Reached XP level 10. HP: 71/72 MP: 10/10
  7734 | D:8      | Killed a kobold demonologist
  7734 | D:8      | Reached *** piety under Okawaru
  7734 | D:8      | Reached skill level 5 in Long Blades
  7796 | D:8      | Reached skill level 12 in Shields
  7894 | D:8      | Reached skill level 5 in Fighting
  8124 | D:8      | Noticed a green ugly thing
  8157 | D:8      | HP: 3/74 [poisoned by a green ugly thing]
  8157 | D:8      | HP: 1/74 [green ugly thing (2)]
  8159 | D:8      | Gained mutation: You are resistant to hostile enchantments.
                  | (MR+) [potion of mutation]
  8159 | D:8      | Gained mutation: You are dopey. (Int -2) [potion of
                  | mutation]
  8159 | D:8      | Gained mutation: You expend magic power (3 MP) to
                  | strengthen your wands. [potion of mutation]
  8164 | D:8      | You fall through a shaft for 2 floors!
  8164 | D:10     | Entered Level 10 of the Dungeon
  8216 | D:10     | Reached **** piety under Okawaru
  8486 | D:10     | Noticed an unseen horror
  8519 | D:10     | Killed an unseen horror
  8883 | D:8      | Killed a green ugly thing
  8883 | D:8      | Reached XP level 11. HP: 50/80 MP: 11/11
  9016 | D:8      | Found a white marble altar of Elyvilon.
  9166 | D:8      | Reached ***** piety under Okawaru
  9228 | D:8      | You fall through a shaft!
  9228 | D:9      | Noticed a two-headed ogre
  9233 | D:9      | Slain by a two-headed ogre

Skill      XL: |  1  2  3  4  5  6  7  8  9 10 |
---------------+-------------------------------+-----
Shields        | 4 5 6 7 8 10 11 12 | 12.8
Armour         | 4 5 6 7 8 9 |  9.8
Long Blades    | 4 7 |  7.7
Fighting       | 4 5 |  5.7

Action                   |  1- 3 |  4- 6 |  7- 9 | 10-12 || total
-------------------------+-------+-------+-------+-------++-------
Melee: Long sword        |    56 |    95 |       |       ||   151
       Dagger            |   175 |   176 |       |       ||   351
       Falchion          |       |    72 |   284 |   349 ||   705
 Abil: Dig               |       |     1 |     1 |       ||     2
       Shaft Self        |       |       |       |     2 ||     2
Evoke: Wand              |       |       |     6 |     1 ||     7
  Use: Scroll            |     2 |     3 |     1 |     3 ||     9
       Potion            |       |       |       |     6 ||     6
  Eat: Chunk             |     1 |     7 |     5 |     2 ||    15
       Ration            |       |     1 |     2 |     1 ||     4
Armor: Scale mail        |   110 |   156 |    56 |       ||   322
       Plate armour      |       |       |    58 |   134 ||   192
Dodge: Dodged            |    64 |   129 |    84 |    58 ||   335
Block: Shield            |   137 |   201 |   160 |   226 ||   724
       Rpst.: Long sword |     6 |    14 |       |       ||    20
       Falchion          |       |     8 |    19 |    13 ||    40
